AoeStats
← ikun

Arabia

503371270Analyzed
4v4 RM · 1mo ago on Aug 31, 2026· 24m 39s· 8 players
Game mode
Random Map
Map size
Large (8 player)
Population
200
Speed
Normal
Resources
Standard
Victory
Conquest
Starting age
Dark Age
Ending age
Imperial Age
RankedLock teamsTeams togetherTeam positionsShared explorationLock speedFull tech treeHidden civsTurbo modeCheats
Victory
Defeat
🇭🇰 Bulgarians · Hong Kong SAR China
957
+17
🇹🇼 Byzantines · Taiwan
957
+46
🇹🇼 Ethiopians · Taiwan
957
+46
🇹🇼 Magyars · Taiwan
912
+55
🇧🇷 Teutons · Brazil
1202
-26
🇧🇷 Burgundians · Brazil
1035
-20
🇨🇳 Jurchens · China
897
-39
🇨🇳 Goths · China
797
-23
Llllian
5:47 Loom
9:25 Feudal Age
10:27 Double-Bit Axe
12:02 Horse Collar
16:13 Fletching
19:08 Wheelbarrow
24:11 Castle Age
24:16 Crossbowman
25:01 Thumb Ring
paperLL
7:08 Loom
10:12 Feudal Age
11:04 Double-Bit Axe
11:02 Horse Collar
20:47 Wheelbarrow
23:04 Castle Age
22:01 Bloodlines
22:36 Scale Barding Armor
24:12 Husbandry
bert1324576
5:22 Loom
8:57 Feudal Age
9:38 Double-Bit Axe
13:16 Gold Mining
16:14 Wheelbarrow
22:36 Castle Age
21:06 Fletching
23:09 Crossbowman
23:57 Thumb Ring
25:04 Bodkin Arrow
25:10 Padded Archer Armor
rush then rush
0:44 Loom
13:27 Feudal Age
14:48 Wheelbarrow
13:59 Double-Bit Axe
13:55 Horse Collar
21:37 Castle Age
21:17 Forging
21:12 Scale Barding Armor
22:28 Bow Saw
22:21 Heavy Plow
22:37 Gold Mining
23:32 Bloodlines
25:00 Husbandry
是关中王来了
10:40 Feudal Age
11:31 Horse Collar
15:56 Man-at-Arms
ikun
7:42 Double-Bit Axe
12:56 Feudal Age
13:49 Bow Saw
13:38 Horse Collar
16:31 Wheelbarrow
16:38 Heavy Plow
18:09 Man-at-Arms
1caru5-脑斧
14:20 Feudal Age
14:01 Loom
18:50 Man-at-Arms
筑基修士
14:25 Feudal Age
14:36 Loom
15:24 Man-at-Arms
17:36 Horse Collar
19:56 Double-Bit Axe
20:51 Wheelbarrow
Connection lost

Rejoining the realm…

Still unreachable

The connection could not be restored.

Session expired

The server has moved on; the page needs a fresh start.